 Dungeon Crawl Stone Soup version 0.19.1-1-g22dce08 (webtiles) character file.

2550 RUZZLEFAZAZZLE the Spear-Bearer (level 9, -1/72 HPs)
             Began as a Vine Stalker Berserker on Jan 19, 2017.
             Was an Elder of Trog.
             Succumbed to barbed spike wounds
             ... on level 7 of the Dungeon.
             The game lasted 00:19:44 (4248 turns).

RUZZLEFAZAZZLE the Spear-Bearer (VSBe)              Turns: 4248, Time: 00:19:45

Health: -1/72      AC: 13    Str: 29    XL:     9   Next: 56%
Magic:  0/10       EV:  7    Int: 11    God:    Trog [****..]
Gold:   282        SH: 10    Dex: 13    Spells: 0 memorised, 8 levels left

rFire  . . .     SeeInvis .     j - +0 trident
rCold  . . .     Gourm    .     e - +0 plate armour
rNeg   . . .     Faith    .     q - +0 shield
rPois  .         Spirit   +     y - +0 helmet
rElec  .         Reflect  .     (no cloak)
rCorr  .         Harm     .     t - +0 pair of gloves
MR     +....                    (no boots)
Stlth  ..........               (no amulet)
                                F - ring of flight
                                D - +4 ring of intelligence (curse)

@: berserking (expiring), barbed spikes, very quick
A: fangs 3, regeneration 1, magic shield, antimagic bite, no device heal 3, rot
immunity
a: Berserk, Trog's Hand, Brothers in Arms, Burn Spellbooks, Renounce Religion,
Evoke Flight


You were on level 7 of the Dungeon.
You worshipped Trog.
Trog was greatly pleased with you.
You were very hungry.

You visited 1 branch of the dungeon, and saw 7 of its levels.

You collected 518 gold pieces.
You spent 236 gold pieces at shops.

Inventory:

Hand Weapons
 j - a +0 trident (weapon)
Armour
 e - a +0 plate armour (worn)
 q - a +0 shield (worn)
 t - a +0 pair of gloves (worn)
 y - a +0 helmet (worn)
Jewellery
 D - a cursed +4 ring of intelligence (left hand)
 F - a ring of flight (right hand)
Wands
 A - a wand of lightning (8/15)
 G - a wand of disintegration (10/24)
Scrolls
 a - 3 scrolls of amnesia
 b - a scroll of random uselessness
 d - 3 scrolls of enchant armour {unknown}
 f - a scroll of blinking
 o - 2 scrolls of recharging
 s - 3 scrolls of remove curse
 x - a scroll of immolation {unknown}
 B - a scroll of silence
 E - a scroll of teleportation {unknown}
Potions
 g - 6 potions of lignification
 h - 2 potions of heal wounds
 k - a potion of might
 m - a potion of agility
 n - a potion of curing
 p - a potion of flight
 v - a potion of brilliance
 w - a potion of berserk rage
 z - a potion of cure mutation {unknown}
 C - 2 potions of degeneration {unknown}
Comestibles
 c - 3 bread rations
 i - a slice of pizza
 l - 4 beef jerkies
 r - 3 chunks of flesh
 u - 2 fruits
 H - a meat ration


   Skills:
 + Level 6.1 Fighting
 + Level 8.2 Polearms
 + Level 3.6 Armour
 + Level 3.6 Dodging
 + Level 3.8 Shields


You had 8 spell levels left.
You didn't know any spells.

Dungeon Overview and Level Annotations

Branches:
Dungeon (7/15)             Temple (0/1) D:4

Altars:
Ashenzari
Cheibriados
Fedhas
Makhleb
Nemelex Xobeh
Vehumet
Yredelemnul
The Shining One

Shops:
D:5 ?

Annotations:
D:6 Eustachio


Innate Abilities, Weirdness & Mutations

You have razor-sharp teeth.
Your natural rate of healing is unusually fast.
When hurt, damage is shared between your health and your magic reserves.
Your bite disrupts and absorbs the magic of your enemies.
Potions and wands cannot restore your health.
You are immune to rotting.


Message History

* * * LOW HITPOINT WARNING * * *
The manticore flicks its tail.
The volley of spikes hits you!
The barbed spikes become lodged in your body.
* * * LOW HITPOINT WARNING * * *
The barbs in your skin will harm you if you move.
Continue?
Okay, then.
You are too berserk!
The barbs in your skin will harm you if you move.
Continue?
Okay, then.
You are too injured to fight recklessly!
You are too injured to fight recklessly!
There are monsters nearby!
The barbs in your skin will harm you if you move.
Continue?
Okay, then.
The barbs in your skin will harm you if you move.
Continue?
Uppercase [Y]es or [N]o only, please.
The barbs in your skin will harm you if you move.
Continue?
The barbed spikes dig painfully into your body as you move.
You die...

..##....<...
...........#
.....#.....
........<.##.
#.#.##.....
)..........
..#...(..# .........
#......#.######
......##..
.....##........
.>g.....#
...........# ##5g).#
..##...#...#######.H#
..##.....<.##...@..##
...............######
##.....#...##........
##.....#......#######
#########...###
.########.#.#
..........#.##
#...[....#...#
#............#


You could see a manticore, 2 gnolls and a crimson imp.

Vanquished Creatures
  Pikel (D:6)
  Sigmund (D:3)
  The ghost of Nefinien the Caller, an amateur KoSu (D:4)
  Edmund (D:5)
  Duvessa (D:4)
  An orc warrior (D:6)
  A black bear (D:6)
  A phantom (D:6)
  A sky beast (D:5)
  An ogre (D:7)
  A centaur (D:5)
  The ghost of Siegfriedson the Conjurer, an amateur DECj (D:3)
  2 bullfrogs
  Dowan (D:4)
  2 scorpions
  A water moccasin skeleton (D:5)
  A howler monkey (D:6)
  A crimson imp (D:6)
  3 hounds
  2 orc priests (D:3)
  A centaur skeleton (D:6)
  An orc wizard (D:6)
  An iguana (D:7)
  3 worker ants
  A worker ant zombie (D:5)
  5 gnolls
  5 adders
  A shadow imp (D:5)
  4 adder skeletons
  An adder zombie (D:7)
  6 worms
  A dart slug (D:1)
  5 leopard geckos
  7 orcs
  3 ball pythons
  11 bats
  5 giant cockroaches
  7 goblins
  10 hobgoblins
  2 jackals (D:1)
  3 kobolds (D:2)
  2 quokkas
  4 frilled lizards
  2 gnoll zombies (D:6)
  A jackal skeleton (D:5)
  A leopard gecko skeleton (D:4)
  A quokka skeleton (D:4)
  A quokka zombie (D:7)
  11 rats
131 creatures vanquished.

Vanquished Creatures (others)
  2 slaves (D:6)
  A phantom (D:6)
  A bullfrog zombie (D:6)
  2 orc priests (D:6)
  2 orcs (D:6)
8 creatures vanquished.

Grand Total: 139 creatures vanquished

Notes
Turn   | Place    | Note
-------+----------+-------------------------------------------
     0 | D:1      | RUZZLEFAZAZZLE the Vine Stalker Berserker began the quest for the Orb.
     0 | D:1      | Reached XP level 1. HP: 11/11 MP: 2/2
   120 | D:1      | Reached skill level 3 in Polearms
   142 | D:1      | Reached XP level 2. HP: 16/16 MP: 3/3
   672 | D:1      | Reached XP level 3. HP: 19/19 MP: 4/4
   682 | D:1      | Reached ** piety under Trog
   852 | D:2      | Found a radiant altar of Vehumet.
   888 | D:2      | Reached skill level 4 in Polearms
  1138 | D:2      | Found a faded altar of an unknown god.
  1138 | D:2      | Found a faded altar of an unknown god.
  1143 | D:2      | Found a sparkling altar of Nemelex Xobeh.
  1145 | D:2      | Found a faded altar of an unknown god.
  1147 | D:2      | Found a shattered altar of Ashenzari.
  1355 | D:2      | Gained mutation: Your natural rate of healing is unusually fast. [Vine Stalker growth]
  1355 | D:2      | Reached XP level 4. HP: 23/23 MP: 5/5
  1550 | D:3      | Noticed Siegfriedson's ghost (amateur DECj)
  1563 | D:3      | Killed Siegfriedson's ghost
  1563 | D:3      | Reached skill level 5 in Polearms
  1563 | D:3      | Reached XP level 5. HP: 18/27 MP: 6/6
  1697 | D:3      | Reached *** piety under Trog
  1805 | D:3      | Reached XP level 6. HP: 31/32 MP: 7/7
  1907 | D:3      | Reached skill level 6 in Polearms
  2005 | D:3      | Noticed Sigmund
  2014 | D:3      | Killed Sigmund
  2154 | D:3      | Found a blossoming altar of Fedhas.
  2302 | D:4      | Reached XP level 7. HP: 36/36 MP: 8/8
  2376 | D:4      | Noticed Nefinien's ghost (amateur KoSu)
  2388 | D:4      | Killed Nefinien's ghost
  2396 | D:4      | Found a staircase to the Ecumenical Temple.
  2400 | D:4      | Found a burning altar of Makhleb.
  2509 | D:4      | Found a glowing golden altar of the Shining One.
  2596 | D:4      | Noticed Dowan
  2597 | D:4      | Noticed Duvessa
  2607 | D:4      | Killed Duvessa
  2607 | D:4      | Reached skill level 7 in Polearms
  2611 | D:4      | Killed Dowan
  2674 | D:4      | Reached **** piety under Trog
  2792 | D:5      | Entered Level 5 of the Dungeon
  2807 | D:5      | Found Ughowacs's Magic Scroll Shop.
  2820 | D:5      | Gained mutation: You have razor-sharp teeth. [Vine Stalker growth]
  2820 | D:5      | Reached XP level 8. HP: 39/42 MP: 9/9
  2827 | D:5      | Bought a scroll of identify for 22 gold pieces
  2827 | D:5      | Bought a scroll of identify for 22 gold pieces
  2827 | D:5      | Bought a scroll of silence for 82 gold pieces
  2827 | D:5      | Bought a scroll of identify for 22 gold pieces
  2827 | D:5      | Bought a scroll of identify for 22 gold pieces
  2827 | D:5      | Bought a scroll of identify for 22 gold pieces
  2827 | D:5      | Bought a scroll of identify for 22 gold pieces
  2833 | D:5      | Bought a scroll of identify for 22 gold pieces
  2886 | D:5      | Reached skill level 5 in Fighting
  2922 | D:5      | Noticed Edmund
  2931 | D:5      | Killed Edmund
  2931 | D:5      | Reached skill level 1 in Shields
  3434 | D:6      | Noticed Pikel
  3452 | D:6      | Killed Pikel
  3452 | D:6      | Reached XP level 9. HP: 38/48 MP: 10/10
  3591 | D:6      | Reached skill level 8 in Polearms
  3726 | D:6      | Found a basalt altar of Yredelemnul.
  4047 | D:6      | Found a snail-covered altar of Cheibriados.
  4050 | D:6      | Noticed Eustachio
  4236 | D:7      | Noticed a manticore
  4247 | D:7      | HP: 2/72 [manticore/volley of spikes (15)]
  4248 | D:7      | Succumbed to barbed spike wounds

Skill      XL: |  1  2  3  4  5  6  7  8  9 |
---------------+----------------------------+-----
Polearms       | 3 4 5 6 7 8 |  8.2
Fighting       | 3 4 5 6 |  6.1
Armour         | 3 |  3.6
Dodging        | 3 |  3.6
Shields        | 2 3 |  3.8

Action                   |  1- 3 |  4- 6 |  7- 9 || total
-------------------------+-------+-------+-------++-------
Melee: Spear             |   121 |    27 |       ||   148
       Bite              |    21 |    34 |   100 ||   155
       Trident           |       |   123 |   259 ||   382
Invok: Berserk           |       |     1 |     5 ||     6
  Use: Scroll            |     5 |     1 |     8 ||    14
  Eat: Chunk             |     1 |     4 |     4 ||     9
       Meat ration       |       |     1 |       ||     1
       Royal jelly       |       |       |     1 ||     1
Armor: Plate armour      |    43 |    56 |   112 ||   211
Dodge: Dodged            |    24 |    37 |    38 ||    99
Block: Shield            |       |     8 |    88 ||    96
